 Dungeon Crawl Stone Soup version 0.17.1-1-g73c8601 (webtiles) character file.

51 Rationalist the Skirmisher (level 3, -2/43 HPs)
             Began as a Demonspawn Berserker on Dec 27, 2015.
             Was a Believer of Trog.
             Slain by an adder (5 damage)
             ... on level 3 of the Dungeon.
             The game lasted 00:02:49 (1890 turns).

Rationalist the Skirmisher (Demonspawn Berserker)   Turns: 1890, Time: 00:02:49

Health: -2/43      AC:  2    Str: 22    XL:     3   Next: 57%
Magic:  3/3        EV: 12    Int:  8    God:    Trog [**....]
Gold:   111        SH:  0    Dex: 13    Spells: 0 memorised, 2 levels left

rFire  . . .     SeeInvis .     n - +0 hand axe
rCold  . . .     Clarity  .     b - +0 animal skin
rNeg   . . .     SustAt   .     (no shield)
rPois  .         Gourm    .     (helmet restricted)
rElec  .         Spirit   .     (no cloak)
rCorr  .         Warding  .     (no gloves)
rMut   .         Stasis   .     (no boots)
MR     .....                    (no amulet)
Stlth  ..........               (no ring)
                                (no ring)

@: berserking, very quick, not resistant to hostile enchantments, extremely
unstealthy
A: horns 2
a: Berserk, Trog's Hand, Burn Spellbooks, Renounce Religion


You were on level 3 of the Dungeon.
You worshipped Trog.
Trog was pleased with you.
You were hungry.

You visited 1 branch of the dungeon, and saw 3 of its levels.

You collected 111 gold pieces.

Inventory:

Hand Weapons
 n - a +0 hand axe (weapon)
Missiles
 a - 20 bolts
 j - 20 sling bullets
Armour
 b - a +0 animal skin (worn)
Scrolls
 d - 3 scrolls of teleportation {unknown}
 g - a scroll of identify {unknown}
 h - a scroll of remove curse {unknown}
 k - a scroll of fog {unknown}
 l - a scroll of magic mapping {unknown}
Potions
 e - a potion of degeneration {unknown}
 i - 4 potions of curing {unknown}
 o - a potion of brilliance {unknown}
Comestibles
 c - a bread ration
 f - a chunk of flesh
 m - a meat ration


   Skills:
 + Level 3.5 Fighting
 + Level 3.1 Axes
 + Level 2.0 Armour
 + Level 2.4 Dodging
 + Level 0.8 Stealth


You had 2 spell levels left.
You didn't know any spells.

Dungeon Overview and Level Annotations

Branches:
Dungeon (3/15)

Altars:
Qazlal
Vehumet
Xom
Zin


Innate Abilities, Weirdness & Mutations

You have a pair of horns on your head.


Message History

Unknown command.
A red film seems to cover your vision as you go berserk!
You feel yourself moving faster!
You feel mighty!
You are feeling hungry.
The kobold zaps a wand.
The puff of flame hits you!
* * * LOW HITPOINT WARNING * * *
You barely miss the kobold. You headbutt the kobold.
You kill the kobold!
Trog accepts your kill.
You slash the kobold!
You kill the kobold!
Trog accepts your kill.
You barely miss the goblin.
Unknown command.
You slash the goblin!
You kill the goblin!
Trog accepts your kill.
You closely miss the adder. Your headbutt misses the adder.
The adder bites you.
You die...

#.....# #.....#
#...)<##### #.........#
#######
#.....###..##.....#
#....รท# #........#####.#
#.....# ##.............
#.#.#.# #.......#######
......#####.####@........
#.#.#.......# #S##..###.
............# ..w. ..#
#.#.#.......#....#. .#
............#.........
#.#.#..........#._ #...
#................. ..!.
####.########....#. ..
### ...


You could see a worm and an adder.

Vanquished Creatures
  An adder (D:2)
  An ooze (D:1)
  2 giant geckos (D:1)
  4 bats
  9 goblins
  3 hobgoblins
  4 kobolds
  A ball python (D:1)
  3 giant cockroaches
  2 giant newts
  5 rats
35 creatures vanquished.

Notes
Turn   | Place    | Note
--------------------------------------------------------------
     0 | D:1      | Rationalist the Demonspawn Berserker began the quest for the Orb.
     0 | D:1      | Reached XP level 1. HP: 18/18 MP: 1/1
   312 | D:1      | Gained mutation: You have a pair of small horns on your head. [demonic ancestry]
   312 | D:1      | Reached XP level 2. HP: 24/24 MP: 2/2
  1097 | D:2      | Found a stormy altar of Qazlal.
  1114 | D:2      | Found a shimmering altar of Xom.
  1151 | D:2      | Reached ** piety under Trog
  1245 | D:2      | Gained mutation: You have a pair of horns on your head. [demonic ancestry]
  1245 | D:2      | Reached XP level 3. HP: 29/29 MP: 3/3
  1540 | D:2      | Found a glowing silver altar of Zin.
  1876 | D:3      | Found a radiant altar of Vehumet.
  1885 | D:3      | HP: 2/43 [kobold/wand of flame (8)]
  1890 | D:3      | Slain by an adder

Action                   || total
-------------------------++-------
Melee: Hand axe          ||    76
Invok: Berserk           ||     1
 Stab: Sleeping          ||     3
  Eat: Beef jerky        ||     1
       Chunk             ||     1
